 Dungeon Crawl Stone Soup version 0.31.0-12-g77e489cdc1 (webtiles) character file.

Game seed: 14923809070942666789

133 Caestello the Insei (level 5, 0/60 HPs)
             Began as a Gnoll Shapeshifter on Feb 14, 2024.
             Slain by a gnoll
             ... wielding a +0 spear
              (3 damage)
             ... on level 3 of the Dungeon.
             The game lasted 00:10:57 (2139 turns).

Caestello the Insei (Gnoll Shapeshifter)            Turns: 2139, Time: 00:10:58

Health: 0/60       AC: 22    Str: 13    XL:     5   Next: 16%
Magic:  6/7        EV:  2    Int:  9    God:
Gold:   124        SH:  0    Dex: 14    Spells: 6/6 levels left

rFire   . . .        f - +2 dagger (venom)
rCold   . . .        (no shield)
rNeg    . . .        a - melded +0 animal skin
rPois   +            (helmet currently unavailable)
rElec   .            (cloak currently unavailable)
rCorr   .            (gloves currently unavailable)
SInv    .            (boots currently unavailable)
Will    .....        (no amulet)
Stlth   ++           i - ring of poison resistance
HPRegen 0.30/turn    (no ring)
MPRegen 0.10/turn

%: no passive effects
@: tree-form
A: stationary, stasis, torment immunity, boosted hp, (fangs 1), strong nose,
distributed training
a: no special abilities


You were on level 3 of the Dungeon.
You were a tree.
You visited 1 branch of the dungeon, and saw 3 of its levels.

You collected 124 gold pieces.

Inventory:

Hand Weapons
 f - a +2 dagger of venom (weapon)
Armour
 a - a +0 animal skin (melded)
 k - a +0 helmet
 p - a +0 pair of gloves
 q - a +0 cloak
Jewellery
 i - a ring of poison resistance (left branch)
 o - a +5 ring of evasion
Talismans
 c - a beast talisman
 d - a flux talisman
Scrolls
 e - a scroll of fear {unknown}
 h - a scroll of acquirement {unknown}
 m - a scroll of revelation {unknown}
 n - a scroll of teleportation {unknown}
 r - a scroll of identify
 s - a scroll of amnesia {unknown}
Potions
 g - 2 potions of enlightenment
 j - a potion of attraction {unknown}
 l - 2 potions of magic


   Skills:
 + Level 2.9 Fighting
 + Level 1.4 Short Blades
 + Level 1.4 Long Blades
 + Level 1.4 Axes
 + Level 1.4 Maces & Flails
 + Level 1.4 Polearms
 + Level 1.4 Staves
 + Level 1.4 Ranged Weapons
 + Level 1.4 Throwing
 + Level 1.4 Armour
 + Level 4.7 Dodging
 + Level 1.4 Stealth
 + Level 1.4 Shields
 + Level 6.7 Unarmed Combat
 + Level 1.4 Spellcasting
 + Level 1.1 Conjurations
 + Level 1.1 Hexes
 + Level 1.1 Summonings
 + Level 1.1 Necromancy
 + Level 1.1 Translocations
 + Level 1.1 Fire Magic
 + Level 1.1 Ice Magic
 + Level 1.1 Air Magic
 + Level 1.1 Earth Magic
 + Level 1.1 Alchemy
 + Level 1.6 Invocations
 + Level 1.4 Evocations
 + Level 6.6 Shapeshifting


You had 6 spell levels left.
You didn't know any spells.
Your spell library was empty.

Dungeon Overview and Level Annotations

Branches:
Dungeon (3/15)

Altars:
Ashenzari
Yredelemnul

Shops:
D:3 [


Innate Abilities, Weirdness & Mutations

You are a tree.
Your roots penetrate the ground, keeping you stationary.
You cannot be teleported.
You are immune to unholy pain and torment.
Your maximum health is greatly increased.
Your equipment is partially melded.
((You have very sharp teeth.))
Your uncanny sense of smell can sniff out nearby items.
Your experience applies equally to all skills.


Message History

The floor.
You hit the gnoll.
The gnoll is poisoned.
The gnoll is lightly wounded.
The gnoll barely misses you. The gnoll misses you.
You hit the gnoll but do no damage.
The gnoll looks as sick as possible!
You bite the gnoll.
The gnoll is lightly wounded.
The gnoll hits you with a +0 spear! The gnoll hits you with a +0 spear.
You barely miss the gnoll.
The gnoll is heavily wounded.
The gnoll hits you with a +0 spear!
The gnoll hits you with a +0 whip of venom.
The gnoll barely misses you.
You puncture the gnoll!
The gnoll is poisoned.
The gnoll is severely wounded.
You kill the gnoll!
The gnoll barely misses you. The gnoll hits you with a +0 spear.
You have reached level 5!
You hit the gnoll but do no damage.
The gnoll looks as sick as possible!
The gnoll is severely wounded.
The gnoll closely misses you. The gnoll barely misses you.
You barely miss the gnoll.
The gnoll is almost dead.
The gnoll hits you with a +0 spear.
* * * LOW HITPOINT WARNING * * *
The gnoll misses you.
You hit the gnoll.
You kill the gnoll!
The gnoll hits you with a +0 spear.
* * * LOW HITPOINT WARNING * * *
A gnoll is nearby!
A gnoll is nearby!
You puncture the gnoll!
The gnoll is poisoned.
The gnoll is heavily wounded.
The gnoll barely misses you.
Your transformation has ended.
You turn into a tree.
Your +0 animal skin melds into your body.
Your roots penetrate the ground.
The gnoll hits you with a +0 spear.
You die...

######### ####..........
............ .
####.####### .♣ ##.#####
♣. ###......###♣♣.
..'......##....♣♣♣♣
###......##..♣♣...♣♣.♣
.##......##.♣..)♣)..♣
.##......##...♣g.).♣....
.##......##♣♣..♣♣♣..♣ #
.###########♣♣.♣.♣..♣ .#
#....♣.♣.♣.# .#
#.......♣ ## .#
#.......#
##########.......##
....>...............


You could see a gnoll (very poisoned).

Vanquished Creatures
  A hound zombie (D:3)
  3 gnolls (D:3)
  3 adders
  An adder zombie (D:3)
  A ribbon worm (D:2)
  2 dart slugs
  An orc (D:2)
  5 ball pythons
  5 bats
  8 endoplasms
  4 giant cockroaches
  3 goblins
  4 hobgoblins (D:2)
  A jackal (D:1)
  2 quokkas
  3 kobolds
  A quokka zombie (D:3)
  3 rats
51 creatures vanquished.

Notes
Turn   | Place    | Note
-------+----------+-------------------------------------------
     0 | D:1      | Caestello the Gnoll Shapeshifter began the quest for the
                  | Orb.
     0 | D:1      | Reached XP level 1. HP: 17/17 MP: 1/1
    81 | D:1      | Reached XP level 2. HP: 23/23 MP: 2/2
   713 | D:2      | Reached XP level 3. HP: 23/28 MP: 3/3
   805 | D:2      | Reached skill level 1 in Invocations
   913 | D:2      | Reached skill level 1 in Short Blades
   913 | D:2      | Reached skill level 1 in Long Blades
   913 | D:2      | Reached skill level 1 in Axes
   913 | D:2      | Reached skill level 1 in Maces & Flails
   913 | D:2      | Reached skill level 1 in Polearms
   913 | D:2      | Reached skill level 1 in Staves
   913 | D:2      | Reached skill level 1 in Ranged Weapons
   913 | D:2      | Reached skill level 1 in Throwing
   913 | D:2      | Reached skill level 1 in Armour
   913 | D:2      | Reached skill level 1 in Stealth
   913 | D:2      | Reached skill level 1 in Shields
   913 | D:2      | Reached skill level 1 in Spellcasting
   913 | D:2      | Reached skill level 1 in Evocations
   976 | D:2      | Reached XP level 4. HP: 13/34 MP: 5/5
  1525 | D:3      | Found Zaoxotra's Armour Shop.
  1592 | D:3      | Found a broken altar of Ashenzari.
  1596 | D:3      | Saw a vision of the Shoals and the Snake Pit.
  1596 | D:3      | Noticed a naga
  1596 | D:3      | Noticed a snapping turtle
  1596 | D:3      | Noticed a water elemental
  1596 | D:3      | Noticed a naga
  1596 | D:3      | Noticed a kraken
  1596 | D:3      | Noticed a shock serpent
  1596 | D:3      | Noticed a manticore
  1596 | D:3      | Noticed a merfolk
  1597 | D:3      | Noticed a naga
  1597 | D:3      | Noticed a merfolk impaler
  1598 | D:3      | Noticed a naga
  2060 | D:3      | Found a basalt altar of Yredelemnul.
  2074 | D:3      | Reached skill level 1 in Conjurations
  2074 | D:3      | Reached skill level 1 in Hexes
  2074 | D:3      | Reached skill level 1 in Summonings
  2074 | D:3      | Reached skill level 1 in Necromancy
  2074 | D:3      | Reached skill level 1 in Translocations
  2074 | D:3      | Reached skill level 1 in Fire Magic
  2074 | D:3      | Reached skill level 1 in Ice Magic
  2074 | D:3      | Reached skill level 1 in Air Magic
  2074 | D:3      | Reached skill level 1 in Earth Magic
  2074 | D:3      | Reached skill level 1 in Alchemy
  2135 | D:3      | Reached XP level 5. HP: 13/40 MP: 5/7
  2137 | D:3      | HP: 2/40 [gnoll/+0 spear (6)]
  2139 | D:3      | Slain by a gnoll

Illustrated notes

Levels and vault maps discovered:
D:1:      minmay_arrival_checkered_box, layout_rooms, chequers_big_river,
          minmay_octomino_c4
D:2:      layout_loops_ring, minmay_ruptured
D:3:      layout_basic, grunt_ashenzari_visionary
          [grunt_ashenzari_visionary_shoals, grunt_ashenzari_visionary_snake],
          nicolae_yredelemnul_corpse_copse, serial_shops, shop,
          amethyst_killhole, chequers_decorated_corner, kennysheep_nondescript

Skill      XL: |  1  2  3  4 |
---------------+-------------+-----
Invocations    | 1 |  1.6
Short Blades   | 1 |  1.4
Long Blades    | 1 |  1.4
Axes           | 1 |  1.4
Maces & Flails | 1 |  1.4
Polearms       | 1 |  1.4
Staves         | 1 |  1.4
Ranged Weapons | 1 |  1.4
Throwing       | 1 |  1.4
Armour         | 1 |  1.4
Stealth        | 1 |  1.4
Shields        | 1 |  1.4
Spellcasting   | 1 |  1.4
Evocations     | 1 |  1.4
Conjurations   | 1 |  1.1
Hexes          | 1 |  1.1
Summonings     | 1 |  1.1
Necromancy     | 1 |  1.1
Translocations | 1 |  1.1
Fire Magic     | 1 |  1.1
Ice Magic      | 1 |  1.1
Air Magic      | 1 |  1.1
Earth Magic    | 1 |  1.1
Alchemy        | 1 |  1.1
Fighting       | |  2.9
Dodging        | |  4.7
Unarmed Combat | |  6.7
Shapeshifting  | |  6.6

Action                     |  1- 3 |  4- 6 || total
---------------------------+-------+-------++-------
  Melee: Unarmed           |    18 |       ||    18
         Dagger            |    44 |    44 ||    88
         Bite              |     3 |     6 ||     9
         Punch             |     1 |     1 ||     2
    Use: Scroll            |       |     2 ||     2
         Potion            |       |     1 ||     1
   Stab: Sleeping          |     1 |       ||     1
 Armour: Animal skin       |    30 |    23 ||    53
         Skin              |       |     1 ||     1
  Dodge: Dodged            |    30 |    34 ||    64
